 Dungeon Crawl Stone Soup version 0.28-a0-1152-g9c71ebef14 (webtiles) character file.

Game seed: 13575258940790825507

11 spaghetti the Skirmisher (level 2, -1/33 HPs)
             Began as an Ogre Delver on Dec 14, 2021.
             Killed from afar by an orc wizard (7 damage)
             ... with a magic dart
             ... on level 5 of the Dungeon.
             The game lasted 00:00:22 (97 turns).

spaghetti the Skirmisher (Ogre Delver)                Turns: 97, Time: 00:00:23

Health: -1/33      AC:  3    Str: 15    XL:     2   Next: 29%
Magic:  2/2        EV:  9    Int: 11    God:
Gold:   0          SH:  0    Dex: 10    Spells: 1/1 levels left

rFire   . . .      SeeInvis .   a - +0 mace {mace}
rCold   . . .      Faith    .   (no shield)
rNeg    . . .      Spirit   .   b - +0 robe
rPois   .          Reflect  .   (helmet restricted)
rElec   .          Harm     .   (no cloak)
rCorr   .          Rampage  .   (gloves unavailable)
Will    .....                   (boots unavailable)
Stlth   ++........              (no amulet)
HPRegen 0.11/turn               (no ring)
MPRegen 0.08/turn               (no ring)

@: no status effects
A: large, unfitting armour, tough skin 1
a: no special abilities


You were on level 5 of the Dungeon.
You visited 1 branch of the dungeon, and saw 1 of its levels.


Innate Abilities, Weirdness & Mutations

You are too large for most types of armour.
You have tough skin. (AC +1)


   Skills:
 + Level 4.9 Fighting
 - Level 1.7 Maces & Flails
 - Level 1.7 Dodging
 - Level 3.7 Stealth


You had one spell level left.
You didn't know any spells.
Your spell library was empty.

Inventory:

Hand Weapons
 a - a +0 mace (weapon) {mace}
Missiles
 i - 45 stones (quivered) {throwing}
Armour
 b - a +0 robe (worn)
Wands
 g - a wand of digging (3)
Scrolls
 c - a scroll of fog
 d - a scroll of magic mapping {!r}
 e - a scroll of fear
 h - a scroll of blinking {unknown}
Potions
 f - a potion of haste {@q3}

Dungeon Overview and Level Annotations

Branches:
Dungeon (5/15)
 Temple: D:4-7

Altars:

#............#
##............##
#..............#
##o###..........#
#####.##
####.......#
###.....#
#########
.........##
#####..#..# ##
#...#@.###.###
#...##..#o...###
# #...
#..#......# #
#..# ##.)).o..# .
#.. #...)...# #.
##.....## ..
#.....# #.#
#....## #....#


You could see an orc wizard.


Message History

Unknown command.
Your hound bites the orc.
What are your orders? t - Shout!
Orders for allies: a - Attack new target. r - Retreat! s - Stop attacking. g - Guard the area. f - Follow me.
Anything else - Cancel.
Gang up on whom?
Press: ? - help, Dir - move target, f - orc wizard
Aim: an orc wizard, wielding a +0 dagger and wearing a +0 robe Attack!
Your hound barely misses the orc wizard.
Your hound misses the orc wizard. Your phantom hits the orc!
The orc dies!
Something misses your hound. 😱 HP[+1] Unknown command.
Unknown command.
Something barely misses your phantom.
Unknown command.
Unknown command.
You start resting.
An orc is nearby!
An orc is nearby!
What are your orders? t - Shout!
Orders for allies: a - Attack new target. r - Retreat! s - Stop attacking. g - Guard the area. f - Follow me.
Anything else - Cancel.
Gang up on whom?
Press: ? - help, Dir - move target, f - orc
Aim: an orc, wielding a +0 flail Attack!
The orc closely misses your hound.
The orc hits your hound with a +0 flail!
Your bullfrog skeleton hits the orc.
Your hound bites the orc.
The orc closely misses your phantom. Something hits your hound.
Your phantom closely misses the orc.
Your hound barely misses the orc.
Your bullfrog skeleton hits the orc.
The orc dies!
Something hits your hound.
Your hound dies!
Your hound's corpse dissolves into shadows!
The orc wizard barely misses your bullfrog skeleton.
An orc wizard is nearby!
What are your orders? t - Shout!
Orders for allies: a - Attack new target. r - Retreat! s - Stop attacking. g - Guard the area. f - Follow me.
Anything else - Cancel.
Gang up on whom?
Press: ? - help, Dir - move target, f - orc wizard
Aim: an orc wizard, wielding a +0 dagger and wearing a +0 robe (ally target) Attack!
Your bullfrog skeleton hits the orc wizard.
The orc wizard hits your bullfrog skeleton with a +0 dagger. 😱 HP[+1]
The orc wizard points at you and mumbles some strange words.
The magic dart hits your phantom!
Your phantom hits the orc wizard.
Your phantom blinks!
The orc wizard blinks!
The orc wizard gestures at you while chanting.
You resist with significant effort.
The orc wizard hits you but does no damage.
Your phantom closely misses the orc wizard.
You hit the orc wizard. The orc wizard closely misses you.
Your phantom hits the orc wizard.
Your phantom blinks!
The orc wizard blinks!
Unknown command.
What are your orders? t - Shout!
Orders for allies: a - Attack new target. r - Retreat! s - Stop attacking. g - Guard the area. f - Follow me.
Anything else - Cancel.
Gang up on whom?
Press: ? - help, Dir - move target, f - you
Okay, then.
You start resting.
An orc wizard is nearby!
What are your orders? t - Shout!
Orders for allies: a - Attack new target. p - Attack previous target. r - Retreat! s - Stop attacking. g - Guard the area. f - Follow me.
Anything else - Cancel.
Gang up on whom?
Press: ? - help, Dir - move target, f/p - orc wizard
Aim: an orc wizard, wielding a +0 dagger and wearing a +0 robe (almost dead, ally target) Attack!
Your bullfrog skeleton dissolves into shadows!
Your phantom dissolves into shadows!
The orc wizard points at you and mumbles some strange words.
The magic dart hits you!
You die...

Action                   || total
-------------------------++-------
Melee: Mace              ||     5
  Use: Scroll            ||     1
Armor: Robe              ||     4
Dodge: Dodged            ||     8

Levels and vault maps discovered:
D:5:      layout_cave_pods

Notes
Turn   | Place    | Note
-------+----------+-------------------------------------------
     0 | D:5      | spaghetti the Ogre Delver began the quest for the Orb.
     0 | D:5      | Reached XP level 1. HP: 24/24 MP: 1/1
     0 | D:5      | magus.rc [v1.9.6]
    72 | D:5      | Noticed an orc wizard
    78 | D:5      | HP: 4/24 [ufetubus (3)]
    79 | D:5      | Reached XP level 2. HP: 4/33 MP: 2/2
    97 | D:5      | Killed from afar by an orc wizard

Vanquished Creatures (collateral kills)
  An ufetubus (D:5)
  3 orcs (D:5)
4 creatures vanquished.

Table legend:
 A = Non-vault XP
 B = Vault XP
 C = Vault XP percentage of total XP
 D = Non-vault monster count
 E = Vault monster count
 F = Vault count percentage of total count
                 A         B        C        D         E       F
            +---------+---------+-------+---------+---------+-------
      Total |      17 |       0 |   0.0 |       4 |       0 |   0.0
            +---------+---------+-------+---------+---------+-------
        D:5 |      17 |       0 |   0.0 |       4 |       0 |   0.0
            +---------+---------+-------+---------+---------+-------

Illustrated notes

Table legend:
 A = Kills in this place as a percentage of kills in entire the game.
 B = Kills by you in this place as a percentage of kills by you in the entire game.
 C = Kills by friends in this place as a percentage of kills by friends in the entire game.
 D = Other kills in this place as a percentage of other kills in the entire game.
 E = Experience gained in this place as a percentage of experience gained in the entire game.
 F = Experience gained in this place divided by the number of levels of this place that you have seen.
                   A       B       C       D       E      F
               +-------+-------+-------+-------+-------+----------------------
         Total | 100.0 |   N/A | 100.0 |   N/A | 100.0 |  17.0
       Dungeon | 100.0 |   N/A | 100.0 |   N/A | 100.0 |  17.0
               +-------+-------+-------+-------+-------+----------------------

Table legend: (Time is in decaauts)
 A = Elapsed time spent in this place.
 B = Non-inter-level travel time spent in this place.
 C = Inter-level travel time spent in this place.
 D = Time resting spent in this place.
 E = Time spent auto-exploring this place.
 F = Levels seen in this place.
 G = Mean time per level.
                   A        B        C        D        E       F      G
               +--------+--------+--------+--------+--------+-----+--------+
         Total |     98 |     98 |      0 |      4 |     68 |   1 |   98.0 |
       Dungeon |     98 |     98 |      0 |      4 |     68 |   1 |   98.0 |
               +--------+--------+--------+--------+--------+-----+--------+

Top non-repeatable levels by time:
     D:5: 98 daAuts
